 Dungeon Crawl Stone Soup version 0.29.0-13-gc9e81de378 (webtiles) character file.

Game seed: 12792469946321968833

25 Malachi the Slasher (level 2, 0/22 HPs)
             Began as a Demonspawn Gladiator on Sept 7, 2022.
             Slain by a goblin
             ... wielding a +0 club
              (2 damage)
             ... on level 2 of the Dungeon.
             The game lasted 00:02:03 (1119 turns).

Malachi the Slasher (Demonspawn Gladiator)          Turns: 1119, Time: 00:02:03

Health: 0/22       AC:  8    Str: 14    XL:     2   Next: 82%
Magic:  2/2        EV:  9    Int:  9    God:
Gold:   42         SH:  0    Dex: 14    Spells: 1/1 levels left

rFire   + + .      SeeInvis .   a - +0 long sword
rCold   x . .      Faith    .   (no shield)
rNeg    . . .      Spirit   .   g - +0 fire dragon scales
rPois   .          Reflect  .   (helmet restricted)
rElec   .          Harm     .   (no cloak)
rCorr   .          Rampage  .   (no gloves)
Will    +....                   (no boots)
Stlth   ..........              (no amulet)
HPRegen 0.07/turn               m - ring of willpower
MPRegen 0.08/turn               (no ring)

@: no status effects
A: antennae 1
a: no special abilities


You were on level 2 of the Dungeon.
You visited 1 branch of the dungeon, and saw 2 of its levels.

You collected 42 gold pieces.

Inventory:

Hand Weapons
 a - a +0 long sword (weapon)
 h - a +0 great sword
Missiles
 d - 3 throwing nets (quivered)
 e - a javelin
Armour
 b - a +0 leather armour
 c - a +0 helmet
 g - +0 fire dragon scales (worn)
Jewellery
 m - a ring of willpower (left hand)
Scrolls
 j - a scroll of teleportation
 k - a scroll of immolation {unknown}
Potions
 f - a potion of haste {unknown}
 l - a potion of curing {unknown}


   Skills:
 - Level 2.0 Fighting
 + Level 3.6 Long Blades
 - Level 1.8 Throwing
 - Level 2.7 Dodging


You had one spell level left.
You didn't know any spells.
Your spell library contained the following spells:

 Spells                   Type           Power      Damage    Failure   Level
 Summon Small Mammal      Summ           0%         N/A       94%         1
 Call Canine Familiar     Summ           0%         N/A       100%        3
 Summon Guardian Golem    Hex/Summ       0%         N/A       100%        3


Dungeon Overview and Level Annotations

Branches:
Dungeon (2/15)

Altars:

Shops:
D:1 *

Annotations:
D:2 Natasha


Innate Abilities, Weirdness & Mutations

You have a pair of small antennae on your head.


Message History

You barely miss the goblin.
The adder hisses angrily.
The goblin hits you but does no damage.
Natasha casts a spell.
The goblin hits you with a +0 club.
You closely miss the goblin.
Natasha mumbles some strange words.
The goblin hits you but does no damage.
You barely miss the goblin. The goblin barely misses you.
You closely miss the goblin. The goblin closely misses you.
You hit Natasha but do no damage. You punch Natasha.
Natasha is lightly wounded.
The goblin hits you but does no damage. Natasha claws you but does no damage.
The goblin hits you but does no damage.
You closely miss Natasha.
Natasha is lightly wounded.
Natasha claws you. The goblin hits you with a +0 club.
You barely miss Natasha.
Natasha is lightly wounded.
Natasha mumbles some strange words.
The goblin barely misses you.
You hit Natasha but do no damage.
Natasha is lightly wounded.
Natasha claws you. The goblin closely misses you. Natasha claws you.
You are too injured to fight recklessly!
You are too injured to fight recklessly!
You are too injured to fight recklessly!
You are too injured to fight recklessly!
You are too injured to fight recklessly!
You are too injured to fight recklessly!
You are too injured to fight recklessly!
Unknown command.
Natasha attacks as you move away! Natasha claws you!
* * * LOW HITPOINT WARNING * * *
The crimson imp blinks!
As you read the scroll labelled YKIGHU FAEDEO, it crumbles to dust.
It is a scroll of identify.
j - a scroll of teleportation The goblin hits you with a +0 club.
You die...

.. . ... .## ## ##.##..#
...####...... .#.........#
...........# ...........#
.......@.## # . .....##.g.#
.#..# ........#..5##.....#
##..........†.hS......
######.............5....#..
...##.................#...[
.............##5.##...# ###
.............##.......##
..............##.#......


You could see Natasha, a crimson imp (summoned), an adder, 2 white imps and a
goblin.

Vanquished Creatures
  An endoplasm (D:1)
  3 giant cockroaches (D:1)
  A goblin (D:1)
  3 hobgoblins
  A quokka (D:1)
  4 ball pythons (D:1)
  7 bats
  A frilled lizard (D:1)
  A kobold (D:1)
  2 rats (D:1)
24 creatures vanquished.

Notes
Turn   | Place    | Note
-------+----------+-------------------------------------------
     0 | D:1      | Malachi the Demonspawn Gladiator began the quest for the
                  | Orb.
     0 | D:1      | Reached XP level 1. HP: 16/16 MP: 1/1
   149 | D:1      | Found Ziploud's Assorted Antiques.
   272 | D:1      | Reached skill level 3 in Long Blades
   346 | D:1      | Gained mutation: You have a pair of small antennae on your
                  | head. [demonic ancestry]
   346 | D:1      | Reached XP level 2. HP: 22/22 MP: 2/2
   679 | D:1      | Found a faded altar of an unknown god.
  1106 | D:2      | Noticed Natasha
  1110 | D:2      | Noticed a crimson imp
  1119 | D:2      | Slain by a goblin

Illustrated notes

Levels and vault maps discovered:
D:1:      dpeg_arrival_round_b, layout_loops_cross,
          dilly_ecumenical_altar_fadedgnrine, serial_shops, shop
D:2:      layout_rooms, uniq_natasha

Skill      XL: |  1 |
---------------+----+-----
Long Blades    | 3 |  3.6
Fighting       | |  2.0
Throwing       | |  1.8
Dodging        | |  2.7

Action                   || total
-------------------------++-------
Melee: Great sword       ||    59
       Long sword        ||    21
       Punch             ||     1
  Use: Scroll            ||     1
Armor: Fire dragon scale ||    63
       Leather armour    ||     4
Dodge: Dodged            ||    53
